 Dungeon Sprint DCSS version 0.29-a0-468-ge57f7f99b4 (webtiles) character file.

Game seed: 2768937464000913013

371 mhtbhm the Cleaver (level 6, -7/91 HPs)
             Began as a Hill Orc Fighter on May 21, 2022.
             Killed from afar by a deep elf pyromancer (26 damage)
             ... with a bolt of fire
             ... in the Dungeon (Sprint III: "The Ten Rune Challenge").
             The game lasted 00:01:13 (718 turns).

mhtbhm the Cleaver (Hill Orc Fighter)                Turns: 718, Time: 00:01:14

Health: -7/91      AC:  9    Str: 21    XL:     6   Next: 70%
Magic:  6/6        EV:  9    Int:  8    God:
Gold:   17         SH:  9    Dex: 10    Spells: 5/5 levels left

rFire   . . .      SeeInvis .   a - +0 war axe
rCold   . . .      Faith    .   c - +0 kite shield
rNeg    . . .      Spirit   .   b - +0 scale mail
rPois   .          Reflect  .   (no helmet)
rElec   .          Harm     .   (no cloak)
rCorr   .          Rampage  .   k - +0 pair of gloves
Will    .....      NoTele   +   (no boots)
Stlth   ..........              (no amulet)
HPRegen 0.25/turn               (no ring)
MPRegen 0.10/turn               (no ring)

@: berserking, very quick
A: no striking features
a: no special abilities


You were in the Dungeon.
You visited 1 branch You collected 17 gold pieces.

Inventory:

Hand Weapons
 a - a +0 war axe (weapon)
Armour
 b - a +0 scale mail (worn)
 c - a +0 kite shield (worn)
 k - a +0 pair of gloves (worn)
Scrolls
 j - a scroll of blinking
 l - a scroll of poison {unknown}
 m - a scroll of identify {unknown}
 n - a scroll of torment {unknown}
 o - a scroll of enchant armour {unknown}
Potions
 d - a potion of might
 e - 2 potions of curing
 g - a potion of haste
 h - 2 potions of magic
 i - a potion of berserk rage
 p - a potion of flight {unknown}
 q - 5 potions of mutation


   Skills:
 + Level 8.2 Fighting
 + Level 9.5 Axes
 + Level 9.3 Armour
 + Level 2.0 Dodging
 + Level 7.2 Shields


You had 5 spell levels left.
You didn't know any spells.
Your spell library was empty.

Dungeon Overview and Level Annotations

Branches:
Dungeon (1/1)

Altars:
Elyvilon
Okawaru
Trog
Uskayaw
Wu Jian
Zin
The Shining One
Beogh


Message History

The fire elemental burns you! The fire elemental hits you.
The fire elemental burns you!
You closely miss the deep elf pyromancer.
You barely miss the fire elemental.
The deep elf pyromancer hits you with a +1 long sword of holy wrath.
You block the fire elemental's attack.
You closely miss the deep elf pyromancer.
You hit the fire elemental.
You block the deep elf pyromancer's attack.
The fire elemental closely misses you.
You barely miss the deep elf pyromancer.
You hit the fire elemental.
The deep elf pyromancer mumbles some strange words.
You closely miss the deep elf pyromancer.
You barely miss the fire elemental. You closely miss the fire elemental.
You block the fire elemental's attack.
Unknown command.
You slice the deep elf pyromancer!!
The deep elf pyromancer is heavily wounded.
You slash the fire elemental! x2; The fire elemental hits you.
The fire elemental burns you!
* * * LOW HITPOINT WARNING * * *
The fire elemental barely misses you.
The deep elf pyromancer barely misses you.
You slash the deep elf pyromancer!
The deep elf pyromancer is almost dead.
You slash the fire elemental!
You destroy the fire elemental!
The fire elemental disappears in a puff of smoke!
You closely miss the fire elemental. The fire elemental hits you.
The fire elemental burns you!
* * * LOW HITPOINT WARNING * * *
You block the deep elf pyromancer's attack.
The fire elemental closely misses you.
You miss the deep elf pyromancer.
The deep elf pyromancer is almost dead.
You miss the fire elemental.
The deep elf pyromancer casts a spell at you.
The bolt of fire hits you!!
You die...

▓▓▓▓▓▓▓▓ ▓▓▓ .'.....♣♣
♣.######### .#......♣
♣.#___#___# ##....♣.♣
♣.#!e§#__)#
.#....≈♣♣♣♣♣.###@#'###+##
.#...≈≈..♣.♣.#..E.......#
.#..≈≈≈≈.♣.♣.'.⌠........#
'#..≈≈≈≈≈≈♣..#...######+#
†#.≈≈≈≈≈≈....#.⌠.#
.#.≈≈≈≈≈.....#...#
.#.≈≈≈.......#+###
##...........#
.............#


You could see a deep elf pyromancer and a fire elemental (summoned).

Vanquished Creatures
  A water elemental (D)
  Jessica (D)
  3 humans (D)
  A phantom (D)
  3 rats (D)
9 creatures vanquished.

Notes
Turn   | Place    | Note
-------+----------+-------------------------------------------
     0 | D        | mhtbhm the Hill Orc Fighter began the quest for the Orb.
     0 | D        | Reached XP level 1. HP: 19/19 MP: 1/1
    20 | D        | Noticed Jessica
    24 | D        | Killed Jessica
    25 | D        | Reached skill level 5 in Fighting
    25 | D        | Reached skill level 5 in Armour
    25 | D        | Reached XP level 2. HP: 18/29 MP: 2/2
    25 | D        | Reached XP level 3. HP: 22/36 MP: 3/3
   162 | D        | Reached skill level 5 in Shields
   407 | D        | Noticed a water elemental
   422 | D        | Killed a water elemental
   423 | D        | Reached XP level 4. HP: 13/45 MP: 4/4
   648 | D        | Found a hide-covered altar of Uskayaw.
   648 | D        | Found a roughly hewn altar of Beogh.
   648 | D        | Found an iron altar of Okawaru.
   648 | D        | Found a bloodstained altar of Trog.
   648 | D        | Found an ornate altar of the Wu Jian Council.
   648 | D        | Noticed a human
   648 | D        | Noticed a human
   656 | D        | Killed a human
   657 | D        | Reached skill level 1 in Dodging
   657 | D        | Reached XP level 5. HP: 52/52 MP: 5/5
   657 | D        | Reached XP level 6. HP: 60/60 MP: 6/6
   658 | D        | Killed a human
   704 | D        | Found a glowing silver altar of Zin.
   704 | D        | Found a glowing golden altar of the Shining One.
   704 | D        | Found a white marble altar of Elyvilon.
   705 | D        | Noticed a deep elf pyromancer
   709 | D        | Noticed a fire elemental
   715 | D        | Noticed a fire elemental
   718 | D        | Killed from afar by a deep elf pyromancer

Illustrated notes

Levels and vault maps discovered:
D:        dungeon_sprint_mu [sprint_mu_entry_forest, sprint_mu_temple_rooms,
          sprint_mu_d1_spiders, sprint_mu_d2_genie, sprint_mu_d3_branching,
          sprint_mu_orc_legion, sprint_mu_elf_gauntlet, sprint_mu_hive_nellie,
          sprint_mu_lair_fedhas, sprint_mu_vaults_butterflies,
          sprint_mu_slime_circle, sprint_mu_shoals_archi,
          sprint_mu_snake_twists, sprint_mu_blade_basic, sprint_mu_crypt_lich,
          sprint_mu_tomb_spiral, sprint_mu_vestibule_basic,
          sprint_mu_gehenna_hellfire, sprint_mu_dis_giant,
          sprint_mu_tartarus_statrot, sprint_mu_cocytus_islands, sprint_mu_zot1]

Skill      XL: |  1  2  3  4  5  6 |
---------------+-------------------+-----
Fighting       | 5 6 7 8 |  8.2
Axes           | 3 6 8 9 |  9.5
Armour         | 5 6 8 9 |  9.3
Shields        | 4 5 6 7 |  7.2
Dodging        | 1 2 |  2.0

Action                   |  1- 3 |  4- 6 || total
-------------------------+-------+-------++-------
Melee: War axe           |    38 |    21 ||    59
  Use: Potion            |     1 |     2 ||     3
Armor: Scale mail        |    11 |     6 ||    17
Dodge: Dodged            |    22 |     8 ||    30
Block: Buckler           |     4 |     2 ||     6
       Kite shield       |       |     6 ||     6

Table legend: (Time is in decaauts)
 A = Elapsed time spent in this place.
 B = Non-inter-level travel time spent in this place.
 C = Inter-level travel time spent in this place.
 D = Time resting spent in this place.
 E = Time spent auto-exploring this place.
 F = Levels seen in this place.
 G = Mean time per level.
                   A        B        C        D        E       F      G
               +--------+--------+--------+--------+--------+-----+--------+
         Total |    751 |    751 |      0 |    499 |      0 |   1 |  751.0 |
       Dungeon |    751 |    751 |      0 |    499 |      0 |   1 |  751.0 |
               +--------+--------+--------+--------+--------+-----+--------+

Top non-repeatable levels by time:
       D: 751 daAuts
